 Dungeon Crawl Stone Soup version 0.22-a0-281-g2e20325899 (webtiles) character file.

81 Manul the Insei (level 4, -1/35 HPs)
             Began as a Demonspawn Monk on Mar 17, 2018.
             Splashed by Ijyb's acid (8 damage)
             ... on level 3 of the Dungeon.
             The game lasted 00:02:08 (2302 turns).

Manul the Insei (Demonspawn Monk)                   Turns: 2302, Time: 00:02:09

Health: -1/35      AC:  7    Str: 11    XL:     4   Next: 20%
Magic:  4/4        EV: 11    Int: 12    God:
Gold:   144        SH:  0    Dex: 16    Spells: 3/3 levels left

rFire    . . .     SeeInvis .     - Unarmed
rCold    . . .     Gourm    .   (no shield)
rNeg     . . .     Faith    .   j - +0 chain mail (curse)
rPois    .         Spirit   .   (no helmet)
rElec    .         Reflect  .   (no cloak)
rCorr    .         Harm     .   (no gloves)
MR       .....                  (no boots)
Stlth    ..........             (no amulet)
HPRegen  0.11/turn              f - +5 ring of evasion
MPRegen  0.09/turn              (no ring)

@: corroded, hasted, very quick
A: icy blue scales 2
a: no special abilities


You were on level 3 of the Dungeon.
You were not hungry.

You visited 1 branch of the dungeon, and saw 3 of its levels.

You collected 144 gold pieces.

Inventory:

Armour
 a - a +0 robe
 h - a +0 ring mail
 j - a cursed +0 chain mail (worn)
Jewellery
 f - a +5 ring of evasion (left hand)
Scrolls
 d - 3 scrolls of identify
 e - a scroll of enchant weapon
 l - a scroll of remove curse {unknown}
Potions
 c - 2 potions of curing
 i - 2 potions of degeneration {unknown}
Comestibles
 b - 4 rations


   Skills:
 + Level 3.3 Fighting
 + Level 0.6 Armour
 + Level 3.2 Dodging
 + Level 1.9 Stealth
 + Level 3.8 Unarmed Combat


You had 3 spell levels left.
You didn't know any spells.

Dungeon Overview and Level Annotations

Branches:
Dungeon (3/15)

Altars:

Annotations:
D:3 Ijyb


Innate Abilities, Weirdness & Mutations

You are mostly covered in icy blue scales. (AC +3)


Message History

You completely miss Ijyb.
Ijyb is lightly wounded.
Ijyb hits you but does no damage.
You hit Ijyb.
Ijyb is moderately wounded.
You hit Ijyb but do no damage.
Ijyb is moderately wounded.
Ijyb closely misses you.
Your chain mail prevents you from hitting Ijyb.
Ijyb is moderately wounded.
You closely miss Ijyb.
Ijyb is moderately wounded.
Ijyb screams, "I dance on your bones!" Ijyb closely misses you.
You hit Ijyb but do no damage.
Ijyb is moderately wounded.
Ijyb zaps a wand.
The bolt of acid hits you!
* * * LOW HITPOINT WARNING * * *
The acid corrodes you!
You are splashed with acid!
The acid burns!
You die...

### # .!
#.####.#### ##
#........$#....
......g........
#.@# ##.# ..#
...# ....#
###.## .. ..


You could see Ijyb.

Vanquished Creatures
  An adder (D:2)
  An ooze (D:1)
  2 dart slugs
  3 leopard geckos (D:2)
  5 giant cockroaches
  5 goblins
  5 hobgoblins
  8 jackals
  A quokka (D:2)
  5 bats
  3 frilled lizards
  10 kobolds
  6 rats
55 creatures vanquished.

Vanquished Creatures (others)
  A plant (D:2)
1 creature vanquished.

Grand Total: 56 creatures vanquished

Notes
Turn   | Place    | Note
-------+----------+-------------------------------------------
     0 | D:1      | Manul the Demonspawn Monk began the quest for the Orb.
     0 | D:1      | Reached XP level 1. HP: 18/18 MP: 1/1
   275 | D:1      | Gained mutation: You are partially covered in icy blue scales. (AC +2) [demonic ancestry]
   275 | D:1      | Reached XP level 2. HP: 15/24 MP: 2/2
   723 | D:1      | Reached XP level 3. HP: 20/29 MP: 3/3
  1711 | D:2      | Gained mutation: You are mostly covered in icy blue scales. (AC +3) [demonic ancestry]
  1711 | D:2      | Reached XP level 4. HP: 30/35 MP: 4/4
  2291 | D:3      | Noticed Ijyb
  2302 | D:3      | Splashed by Ijyb's acid

Vault maps used:
D:1:      minmay_arrival_jagged, minmay_heptomino_h4
D:2:      first_ration, serial_bayou_lagoon_a, lexackson_kobold_supper
D:3:      marbit_many_paths, old_standard_altar, uniq_ijyb

Skill      XL: |  1  2 |
---------------+-------+-----
Unarmed Combat | 3 |  3.8
Dodging        | 3 |  3.2
Fighting       | |  3.3
Armour         | |  0.6
Stealth        | |  1.9

Action                   |  1- 3 |  4- 6 || total
-------------------------+-------+-------++-------
Melee: Unarmed           |   238 |    52 ||   290
       Punch             |       |     1 ||     1
  Use: Scroll            |     2 |       ||     2
       Potion            |       |     3 ||     3
 Stab: Sleeping          |     1 |       ||     1
  Eat: Chunk             |     3 |     2 ||     5
Armor: Robe              |    22 |       ||    22
       Ring mail         |    24 |       ||    24
       Chain mail        |    58 |    26 ||    84
Dodge: Dodged            |   175 |    24 ||   199

Table legend:
 A = Spawn XP
 B = Non-spawn XP
 C = Spawn XP percentage of total XP
 D = Spawn monster count
 E = Non-spawn monster count
 F = Spawn count percentage of total count
 G = Total turns spent on level
                    A         B        C        D         E        F      G
               +---------+---------+-------+---------+---------+-------+---------
         Total |       0 |     117 |   0.0 |       0 |      55 |   0.0 |  2302
               +---------+---------+-------+---------+---------+-------+---------
           D:1 |       0 |      48 |   0.0 |       0 |      25 |   0.0 |  1138
           D:2 |       0 |      69 |   0.0 |       0 |      30 |   0.0 |  1153
               +---------+---------+-------+---------+---------+-------+---------
